TKirby, lawful female human Knight ------------- |...........| |..<........| |...........| |........%..-####### ### ----------.-- # #------------- --------- ## ### #|`.........`| #-.%.....| # # #|.@...`.....| #|..>.^..| ### ### #|...-----...| ###+.......| # # #|...|.{......#####--------- ### ###|..`|{.{|`..|[## # #....|.{.|...-# ####### #|...-----...| ---|----------- #|.....`.....| |.............| #|`.........`-# |..............##############`-------------######` |.............| --------------- TKirby the Esquire Experience level: 5 Strength: 15 Dexterity: 10 Constitution: 13 Intelligence: 8 Wisdom: 14 Charisma: 18 Health: 40(40) Energy: 47(47) Def: 6 Gold: 984 Moves: 3834 Dungeon seed: GWTNc5aKKyPZLwP1 Game ID: TKirby_1505326667 Your Inventory: Coins $ - 984 gold pieces Weapons a - the blessed rustproof +1 Excalibur (weapon in hand) b - a +1 lance (alternate weapon; not wielded) Armor e - a blessed +1 ring mail (being worn) n - an uncursed +0 helmet (being worn) q - an uncursed +0 small shield r - an uncursed +0 pair of leather gloves (being worn) Comestibles c - an uncursed apple R - an uncursed food ration Scrolls f - 2 uncursed scrolls of fire h - 3 uncursed scrolls of identify l - an uncursed scroll of destroy armor F - an uncursed scroll of teleportation Potions j - 3 uncursed potions of sickness t - an uncursed potion of enlightenment u - a blessed potion of confusion Q - an uncursed potion of monster detection Rings i - an uncursed ring of protection from shape changers Wands v - a wand of probing (0:8) N - a cursed wand of light (0:14) Tools O - an uncursed credit card Gems y - an uncursed worthless piece of green glass Spells and supernatural/magical abilities: Name Level Category Fail Memory W - pray for help -- divine ? -- X - turn undead -- divine ? -- Y - supernatural jump -- ability ? -- Your skills at the end: Fighting Skills riding [Basic] Weapon Skills long sword [Basic] lance [Basic] Spellcasting Skills Final Attributes: You were piously aligned. You were level-drain resistant. You had automatic searching. You could jump. You survived. Vanquished creatures: a rock mole a kobold mummy a golden naga hatchling a little dog a kitten 3 homunculi 2 hill orcs 2 giant bats a monkey a wererat a werejackal 2 iguanas an acid blob a gas spore 10 manes 3 hobgoblins a giant rat a gnome zombie 8 geckos 8 jackals a fox 3 kobolds 3 goblins 6 grid bugs 2 bats 7 lichens 3 kobold zombies 6 newts 81 creatures vanquished. Voluntary challenges: You had followed a strict vegetarian diet until turn 3549. You had been an atheist until turn 2292. You used a wielded weapon 71 times, starting on turn 3. You were illiterate. You never genocided any monsters. You never polymorphed an object. You changed form 1 time, starting on turn 2291. You used no wishes. You never split a pudding. You never wrote Elbereth's name. You never violated your personal moral code. Dungeon overview: The Dungeons of Doom: levels 1 to 7 Level 1 a fountain, a sink a long staircase Level 2 Level 3 an armor shop, a fountain a long staircase Level 4 a fountain Level 5 an altar to Lugh Level 6 Level 7 <- You were here many fountains History has recorded: On T:1 you entered the Dungeons of Doom to retrieve the Amulet of Yendor! On T:765 you advanced to experience level 2. On T:796 you reached level 2 of The Dungeons of Doom. On T:1456 you reached level 3 of The Dungeons of Doom. On T:1754 you advanced to experience level 3. On T:1930 you reached level 4 of The Dungeons of Doom. On T:2312 you advanced to experience level 4. On T:2379 you reached level 5 of The Dungeons of Doom. On T:3109 you reached level 6 of The Dungeons of Doom. On T:3158 you advanced to experience level 5. On T:3389 you reached level 7 of The Dungeons of Doom. Score breakdown: Gold: 984 (10182 points) Experience: 5 levels (11141 points) Exploration: 7 levels ( 15.56%) (11078 points) Discoveries: 1 item ( 0.41%) ( 1912 points) Valuables value: (no points given unless you survive) Artifact value: 4000 (12253 points) Variety of kills: 28 monsters ( 7.35%) ( 8132 points) Turncount: 3834 turns ( -962 points) Survival: quit (score multiplied by 90%) Total score: 48362 Latest messages: Salutations TKirby, the human Knight, welcome back to NetHack! Be careful! New moon tonight. Final status: Fare thee well TKirby the Knight, quit... You quit in The Dungeons of Doom on dungeon level 7 with 48362 points, and 984 pieces of gold, after 3834 moves. You were level 5 with a maximum of 40 hit points when you quit.